[Event "Early-Titled-Tuesday-Blitz-November-28-2023"]
[Site "Chess.com"]
[Date "2023.11.28"]
[Round "10"]
[White "AnaKuchava"]
[Black "maurovargas01"]
[Result "1-0"]
[WhiteElo "2212"]
[BlackElo "1846"]
[TimeControl "180+1"]
[EndTime "9:59:20 PST"]
[Termination "AnaKuchava won by resignation"]

1. d4 d5 2. Nf3 Nf6 3. c4 c6 4. Qb3 e6 5. Bg5 Be7 6. e3 dxc4 7. Bxc4 O-O 8. O-O b5 9. Bd3 Bb7 10. a4 a6 11. Nc3 Nbd7 12. Rfc1 h6 13. Bh4 g5 14.
Bg3 Nh5 15. Ne4 Nxg3 16. hxg3 f5 17. Qxe6+ Kg7 18. Nd6 Rf6 19. Nxf5+ Kh8 20. Qxe7 Rxf5 21. Qxd8+ Rxd8 22. Bxf5 Nf6 23. Ne5 Kg7 24. Nxc6 Nd5 25. Nxd8 1-0

[Event "Early-Titled-Tuesday-Blitz-November-28-2023"]
[Site "Chess.com"]
[Date "2023.11.28"]
[Round "10"]
[White "pinguino120"]
[Black "secretsuperstar7"]
[Result "0-1"]
[WhiteElo "2297"]
[BlackElo "2452"]
[TimeControl "180+1"]
[EndTime "9:59:27 PST"]
[Termination "secretsuperstar7 won by checkmate"]

1. e4 c5 2. Nf3 d6 3. d4 cxd4 4. Nxd4 Nf6 5. Nc3 Nc6 6. Bg5 e6 7. Qd2 a6 8. O-O-O Bd7 9. f4 b5 10. Bxf6 gxf6 11. f5 b4 12. Nce2 e5 13. Nxc6 Bxc6 14.
Ng3 h5 15. Kb1 h4 16. Ne2 a5 17. Qd3 a4 18. Nc1 Qb6 19. Be2 a3 20. b3 Ra5 21.
Qd2 Rc5 22. Nd3 Rc3 23. Qe1 Qd4 24. Nxb4 Rxb3+ 25. Kc1 Bh6+ 26. Rd2 Qa1# 0-1

[Event "Early-Titled-Tuesday-Blitz-November-28-2023"]
[Site "Chess.com"]
[Date "2023.11.28"]
[Round "10"]
[White "Sofia_Blokhin"]
[Black "abelmat"]
[Result "1-0"]
[WhiteElo "2277"]
[BlackElo "1979"]
[TimeControl "180+1"]
[EndTime "9:59:43 PST"]
[Termination "Sofia_Blokhin won by checkmate"]

1. d4 d5 2. c4 e6 3. Nc3 Nf6 4. Nf3 Be7 5. e3 Nbd7 6. cxd5 exd5 7. Bd3 O-O 8. O-O c6 9. Ne5 Re8 10. f4 c5 11. h3 Nf8 12. g4 Ne6 13. g5 Nd7 14.
Bxh7+ Kf8 15. Qh5 Nxe5 16. fxe5 f5 17. Rxf5+ Bf6 18. gxf6 Nxd4 19. fxg7+ Ke7 20. Qf7# 1-0

[Event "Early-Titled-Tuesday-Blitz-November-28-2023"]
[Site "Chess.com"]
[Date "2023.11.28"]
[Round "10"]
[White "OneTrickPony_82"]
[Black "Kapitan_Bayan"]
[Result "1-0"]
[WhiteElo "2462"]
[BlackElo "2298"]
[TimeControl "180+1"]
[EndTime "9:59:45 PST"]
[Termination "OneTrickPony_82 won by resignation"]

1. d4 d5 2. c4 e6 3. Nf3 Nf6 4. Nc3 c5 5. cxd5 exd5 6. Bg5 Be6 7. e4 dxe4 8. Bxf6 Qxf6 9. Nxe4 Qf4 10. Bb5+ Nd7 11.
Qe2 cxd4 12. Bxd7+ Kxd7 13. O-O Qf5 14. Nxd4 Qe5 15.
Rad1 Ke7 16. f4 Qa5 17. f5 Rd8 18. fxe6 fxe6 19. Ng3 Qb6 20. Kh1 g6 21. Nxe6 Rxd1 22.
Ng5+ 1-0

[Event "Early-Titled-Tuesday-Blitz-November-28-2023"]
[Site "Chess.com"]
[Date "2023.11.28"]
[Round "10"]
[White "NovozhilovSemen"]
[Black "koncheto"]
[Result "1-0"]
[WhiteElo "2710"]
[BlackElo "2522"]
[TimeControl "180+1"]
[EndTime "9:59:47 PST"]
[Termination "NovozhilovSemen won by resignation"]

1. d4 Nf6 2. Nf3 e6 3. e3 c5 4.
Bd3 d5 5. b3 Bd6 6. O-O Qc7 7.
Bb2 Nbd7 8. c4 dxc4 9. bxc4 O-O 10. Nc3 a6 11. d5 Ne5 12. Nxe5 Bxe5 13. f4 Bd6 14. Ne2 exd5 15. Bxf6 dxc4 16. Bc2 gxf6 17.
Ng3 Re8 18. Qh5 Rxe3 19. Qxh7+ Kf8 20. Rae1 Bxf4 21. Nh5 Ke7 22. Nxf4 Qxf4 23. Rxf4 Rxe1+ 24. Kf2 Rc1 25. Rxc4 Be6 26. Rxc5 Rd8 27. Rc7+ Kd6 28. Rc3 Ke7 29. Qh6 Rdd1 30. Rc7+ Kd8 31. Bxd1 Rxc7 32. Qxf6+ Ke8 33. h4 Rc1 34. Bb3 1-0

[Event "Early-Titled-Tuesday-Blitz-November-28-2023"]
[Site "Chess.com"]
[Date "2023.11.28"]
[Round "10"]
[White "Zainullina_Nataliya"]
[Black "carloseduar100"]
[Result "1-0"]
[WhiteElo "2216"]
[BlackElo "2266"]
[TimeControl "180+1"]
[EndTime "9:59:52 PST"]
[Termination "Zainullina_Nataliya won by resignation"]

1. Nf3 Nf6 2. b3 b6 3. Bb2 Bb7 4. e3 g6 5. Be2 Bg7 6. O-O O-O 7. c4 d6 8. Nc3 Nbd7 9. d4 e5 10.
dxe5 Nxe5 11. Nxe5 dxe5 12. Qxd8 Raxd8 13. Rfd1 a6 14. Rxd8 Rxd8 15. Rd1 Rxd1+ 16. Nxd1 Nd7 17. f3 e4 18. Bxg7 exf3 19. Bxf3 Bxf3 20. gxf3 Kxg7 21.
Kf2 Kf6 22. Nc3 Ke6 23. e4 f5 24. Ke3 Ke5 25. f4+ Ke6 26. e5 g5 27. Nd5 gxf4+ 28. Kxf4 Nxe5 29. Nxc7+ Kf6 30. Nd5+ Kg6 31. Kxe5 Kg5 32.
Nxb6 Kg4 33. Nd5 h5 34. c5 1-0

[Event "Early-Titled-Tuesday-Blitz-November-28-2023"]
[Site "Chess.com"]
[Date "2023.11.28"]
[Round "10"]
[White "ATM622"]
[Black "Ginzburg_Yakov"]
[Result "0-1"]
[WhiteElo "2470"]
[BlackElo "2616"]
[TimeControl "180+1"]
[EndTime "10:00:07 PST"]
[Termination "Ginzburg_Yakov won on time"]

1. d4 d5 2. c4 c6 3. Nf3 Nf6 4. g3 Bf5 5. Nbd2 e6 6. Bg2 h6 7. O-O Be7 8. Qb3 Qb6 9. c5 Qxb3 10. Nxb3 b6 11. a4 Nfd7 12. cxb6 axb6 13. Bf4 O-O 14.
Rfc1 g5 15. Bd2 c5 16. dxc5 bxc5 17. Bc3 Na6 18. Na5 Rfc8 19. Ne5 Nxe5 20. Bxe5 Nb4 21. Nb7 Rc6 22. e4 Bxe4 23. Bxe4 dxe4 24. a5 Nd3 25. a6 Nxc1 26. a7 Nd3 0-1

[Event "Early-Titled-Tuesday-Blitz-November-28-2023"]
[Site "Chess.com"]
[Date "2023.11.28"]
[Round "10"]
[White "LizardMorrison"]
[Black "SimplyDevina"]
[Result "0-1"]
[WhiteElo "2212"]
[BlackElo "2397"]
[TimeControl "180+1"]
[EndTime "10:00:12 PST"]
[Termination "SimplyDevina won by resignation"]

1. Nf3 d5 2. c4 e6 3. g3 Be7 4. Bg2 Nf6 5. O-O O-O 6. Qc2 c5 7. d4 cxd4 8. Nxd4 Nc6 9. Nxc6 bxc6 10. Nc3 Bb7 11. b3 Rc8 12. Bb2 c5 13. cxd5 exd5 14. Qd2 Qd7 15. Rfd1 Rfd8 16. Rac1 d4 17. Bxb7 Qxb7 18.
Na4 Ne4 19. Qd3 Qd5 20. Ba3 Rc6 21. e3 Ng5 22. exd4 Re6 23. Nxc5 Nh3+ 0-1

[Event "Early-Titled-Tuesday-Blitz-November-28-2023"]
[Site "Chess.com"]
[Date "2023.11.28"]
[Round "10"]
[White "DonCiao"]
[Black "deepfear"]
[Result "0-1"]
[WhiteElo "2100"]
[BlackElo "1930"]
[TimeControl "180+1"]
[EndTime "10:00:14 PST"]
[Termination "deepfear won by checkmate"]

1. c4 g6 2. g3 Bg7 3. Bg2 d6 4. Nc3 e5 5. e4 Nf6 6. Nge2 Nc6 7. O-O O-O 8. d3 Bg4 9. h3 Bxe2 10. Qxe2 Nd4 11.
Qd1 Qd7 12. Be3 a6 13. f4 Nh5 14. Kh2 exf4 15. gxf4 Qe7 16. Nd5 Qd8 17. f5 Be5+ 18. Kg1 c6 19. Nf4 Qh4 20. Nxh5 gxh5 21. Bf2 Qf4 22. Re1 Qh2+ 23. Kf1 Kh8 24. Bxd4 Bxd4 25.
Qf3 Rg8 26. Re2 Qg1# 0-1

[Event "Early-Titled-Tuesday-Blitz-November-28-2023"]
[Site "Chess.com"]
[Date "2023.11.28"]
[Round "10"]
[White "guillembaches"]
[Black "HanSchut"]
[Result "1-0"]
[WhiteElo "2504"]
[BlackElo "2269"]
[TimeControl "180+1"]
[EndTime "10:00:20 PST"]
[Termination "guillembaches won by resignation"]

1. d4 Nf6 2. Nf3 g6 3. Bg5 Bg7 4. Nbd2 d5 5. e3 O-O 6. Be2 c5 7. c3 cxd4 8. exd4 Nc6 9. O-O Ne4 10. Bh4 Nxd2 11. Qxd2 Bg4 12. Rfe1 Qd7 13. Bg3 Rac8 14. h3 Bf5 15. Nh4 Be6 16. Bf1 a6 17. b4 Rfe8 18.
a4 Nd8 19. a5 Qc6 20. Rac1 f6 21. Qb2 Bd7 22. c4 e6 23. b5 axb5 24. cxb5 1-0

[Event "Early-Titled-Tuesday-Blitz-November-28-2023"]
[Site "Chess.com"]
[Date "2023.11.28"]
[Round "10"]
[White "Shield12"]
[Black "FunnyDuck66"]
[Result "1-0"]
[WhiteElo "2913"]
[BlackElo "2551"]
[TimeControl "180+1"]
[EndTime "10:00:25 PST"]
[Termination "Shield12 won by resignation"]

1. e4 c6 2. Nf3 d5 3. Nc3 dxe4 4. Nxe4 Nf6 5. Qe2 Nxe4 6. Qxe4 Be6 7. c4 Nd7 8. d4 Nf6 9. Qf4 g6 10. Be2 Bg7 11. O-O O-O 12. Rd1 b5 13. cxb5 cxb5 14. Bxb5 Bd5 15. Be2 Rc8 16. Ne5 Rc2 17. Bd3 Rc8 18.
Bd2 Qb6 19. b3 Qb7 20. f3 Nh5 21. Qe3 f6 22. Ng4 f5 23. Ne5 f4 24. Qe2 Qb6 25. Qf2 Rfd8 26. Rac1 Rxc1 27. Rxc1 Ba8 28. Bc4+ e6 29.
Bc3 Nf6 30. Nd3 g5 31. Nc5 Nd5 32. Bb2 Kh8 33. Re1 Re8 34. h4 h6 35. hxg5 hxg5 36.
Ne4 Qd8 37. g3 Rf8 38. Qh2+ Kg8 39. Qh5 Ne3 40. Bxe6+ 1-0

[Event "Early-Titled-Tuesday-Blitz-November-28-2023"]
[Site "Chess.com"]
[Date "2023.11.28"]
[Round "10"]
[White "talaicito"]
[Black "Pastore1978"]
[Result "1-0"]
[WhiteElo "2237"]
[BlackElo "2322"]
[TimeControl "180+1"]
[EndTime "10:00:25 PST"]
[Termination "talaicito won by resignation"]

1. d4 d5 2. Nc3 Nf6 3. Bf4 c5 4. e3 a6 5. Nf3 cxd4 6. exd4 Nc6 7. Ne5 Bf5 8. g4 Bg6 9. h4 h6 10. Nxg6 fxg6 11. Bd3 Kf7 12. h5 g5 13. Bg6+ Kg8 14.
Bf5 g6 15. Be6+ Kg7 16. Qd3 gxh5 17. gxh5 Qe8 18. O-O-O Nb4 19. Qf5 Rg8 20. Be5 Nc6 21. f4 Nxe5 22. dxe5 Ne4 23. Nxe4 dxe4 24. fxg5 hxg5 25.
Qxg5+ 1-0

[Event "Early-Titled-Tuesday-Blitz-November-28-2023"]
[Site "Chess.com"]
[Date "2023.11.28"]
[Round "10"]
[White "Fonsofan"]
[Black "TRadjabov"]
[Result "1-0"]
[WhiteElo "2793"]
[BlackElo "3015"]
[TimeControl "180+1"]
[EndTime "10:00:29 PST"]
[Termination "Fonsofan won by resignation"]

1. e4 b6 2. d4 Bb7 3. Bd3 e6 4. c3 d6 5. Nf3 Nd7 6. O-O Be7 7.
Re1 g5 8. Nfd2 Ngf6 9. a4 a6 10.
Nf1 h6 11. Nbd2 Rg8 12. Ng3 g4 13. Qe2 h5 14. e5 dxe5 15. dxe5 Nxe5 16. Bc2 Qd5 17.
Nde4 h4 18. Nxf6+ Bxf6 19. Be4 hxg3 20. Bxd5 gxh2+ 21. Kh1 Bxd5 22. Bf4 Ng6 23. Bg3 Ne7 24. Rad1 Bc6 25. Qc4 Rg5 26. Bh4 Rc5 27. Qxg4 Bxh4 28. Qxh4 Ng6 29. Qf6 Bd5 30. b4 1-0

[Event "Early-Titled-Tuesday-Blitz-November-28-2023"]
[Site "Chess.com"]
[Date "2023.11.28"]
[Round "10"]
[White "JuniorJumper"]
[Black "InitiatingASC"]
[Result "1-0"]
[WhiteElo "2571"]
[BlackElo "2356"]
[TimeControl "180+1"]
[EndTime "10:00:29 PST"]
[Termination "JuniorJumper won by resignation"]

1. b3 b6 2. Bb2 Bb7 3. Nf3 Nf6 4. g3 e6 5. Bg2 Be7 6. O-O c5 7. d3 O-O 8. Nbd2 d6 9. e4 Nbd7 10. Qe2 Re8 11. e5 dxe5 12. Nxe5 Nxe5 13. Bxb7 Neg4 14. Bxa8 Qxa8 15. Ne4 Qd5 16. h3 Ne5 17. Rfe1 Nxe4 18. dxe4 Qd6 19. Rad1 Qc7 20. f4 Nc6 21. e5 Nb4 22.
Rd2 Nxa2 23. Red1 Nb4 24. Rd7 Qc6 25. Rxa7 b5 26. Qg2 Qxg2+ 27. Kxg2 Nxc2 28. Rxe7 Ne3+ 29. Kf3 1-0

[Event "Early-Titled-Tuesday-Blitz-November-28-2023"]
[Site "Chess.com"]
[Date "2023.11.28"]
[Round "10"]
[White "Maxfan2008"]
[Black "ViktoriyaTarasova"]
[Result "1-0"]
[WhiteElo "2534"]
[BlackElo "2358"]
[TimeControl "180+1"]
[EndTime "10:00:33 PST"]
[Termination "Maxfan2008 won by resignation"]

1. d4 Nf6 2. c4 e6 3. Nc3 Bb4 4. Nf3 b6 5. e3 Bb7 6. Bd3 O-O 7. O-O d5 8. cxd5 exd5 9. Ne5 Nbd7 10. f4 Bxc3 11.
bxc3 Ne4 12. Ba3 Re8 13. Qh5 g6 14. Qh3 Bc8 15. Qh6 Qf6 16. Bb5 Rd8 17. Bc6 Rb8 18.
Bxd5 Nd2 19. Bxf7+ Kh8 20. Nxg6+ 1-0

[Event "Early-Titled-Tuesday-Blitz-November-28-2023"]
[Site "Chess.com"]
[Date "2023.11.28"]
[Round "10"]
[White "Ezov"]
[Black "PawnEatingZombie"]
[Result "0-1"]
[WhiteElo "2203"]
[BlackElo "2185"]
[TimeControl "180+1"]
[EndTime "10:00:33 PST"]
[Termination "PawnEatingZombie won by checkmate"]

1. d4 Nf6 2. Nc3 d5 3. Bf4 c5 4. e3 Nc6 5. Nb5 Bf5 6. Nc7+ Kd7 7. Nxa8 Qxa8 8. c3 e6 9. Nf3 Bd6 10. Ne5+ Bxe5 11. Bxe5 cxd4 12. Bxf6 gxf6 13. exd4 Qg8 14. g3 Qg6 15. Qb3 Kc7 16. Be2 h5 17. h4 Be4 18.
O-O Rg8 19. Qd1 Ne7 20. Bf3 Nf5 21. Bxe4 dxe4 22. Qd2 Qg4 23. Rae1 Nxh4 24. Rxe4 Qxe4 25.
Qe3 Qg2# 0-1

[Event "Early-Titled-Tuesday-Blitz-November-28-2023"]
[Site "Chess.com"]
[Date "2023.11.28"]
[Round "10"]
[White "sergeikim"]
[Black "MIss_MIaMI"]
[Result "1-0"]
[WhiteElo "2575"]
[BlackElo "2401"]
[TimeControl "180+1"]
[EndTime "10:00:35 PST"]
[Termination "sergeikim won on time"]

1. d4 c5 2. d5 g6 3. Nc3 Bg7 4. e4 a6 5. a4 b6 6. Nge2 d6 7.
Ng3 Nf6 8. Be2 Nbd7 9. O-O O-O 10. Be3 Ne8 11. Qd2 Rb8 12. Bh6 Nc7 13. Bxg7 Kxg7 14.
f4 b5 15. e5 dxe5 16. f5 Nf6 17. axb5 axb5 18. fxg6 hxg6 19. Rad1 Rh8 20. Qg5 b4 21. Nce4 Ncxd5 22. Qxe5 Be6 23. Ng5 Qb6 24. N3e4 c4+ 25. Kh1 Rbd8 26. Bxc4 Rxh2+ 27. Kxh2 Rh8+ 28. Nh3 Kg8 29. Nxf6+ Nxf6 30. Bxe6 Ng4+ 31. Bxg4 f6 32. Qe6+ Kh7 33.
Qxb6 1-0

[Event "Early-Titled-Tuesday-Blitz-November-28-2023"]
[Site "Chess.com"]
[Date "2023.11.28"]
[Round "10"]
[White "Kirill_Klukin"]
[Black "viktorskliarov"]
[Result "1-0"]
[WhiteElo "2852"]
[BlackElo "2640"]
[TimeControl "180+1"]
[EndTime "10:00:37 PST"]
[Termination "Kirill_Klukin won by resignation"]

1. d4 Nf6 2. Nf3 g6 3. e3 Bg7 4. Be2 O-O 5. O-O d6 6. c4 c5 7. b3 Nc6 8. Bb2 cxd4 9. Nxd4 Bd7 10. Nd2 Qa5 11. a3 Rfc8 12. b4 Qd8 13. N2b3 a5 14. Nxc6 bxc6 15. Nxa5 c5 16. Bf3 Ra7 17. Qe2 Qb6 18.
Bc3 Be6 19. Rab1 Nd7 20. Bxg7 Kxg7 21. Bd5 cxb4 22. axb4 Nf6 23. Bxe6 fxe6 24. h3 Kf7 25.
c5 Qd8 26. Rfd1 Rxa5 27. bxa5 Rxc5 28. a6 Ra5 29. Ra1 Nd5 30. a7 Nc3 31. Qf3+ Kg7 32.
Rxa5 Qxa5 33. a8=Q 1-0

[Event "Early-Titled-Tuesday-Blitz-November-28-2023"]
[Site "Chess.com"]
[Date "2023.11.28"]
[Round "10"]
[White "LoveUMore"]
[Black "Narek_Ghimoyan"]
[Result "0-1"]
[WhiteElo "2553"]
[BlackElo "2344"]
[TimeControl "180+1"]
[EndTime "10:00:37 PST"]
[Termination "Narek_Ghimoyan won by resignation"]

1. d4 Nf6 2. c4 e6 3. Nf3 d5 4.
g3 Be7 5. Bg2 O-O 6. O-O dxc4 7.
Qc2 a6 8. a4 Bd7 9. Ne5 Nc6 10.
Nxc6 Bxc6 11. Bxc6 bxc6 12. Qxc4 Qd5 13. Nd2 Rfb8 14. e3 Rb4 15. Qc2 Rab8 16. Rd1 Qh5 17. Nf1 Qd5 18. Rb1 Rc4 19. Qe2 Rxa4 20. Bd2 Ne4 21. Be1 Ng5 22. e4 Qxe4 23. Qxe4 Nxe4 24. Ra1 Rxa1 25. Rxa1 Rxb2 26. Rxa6 h6 27. Rxc6 Re2 28. Rc1 Bf6 29. Kg2 Nxf2 30. Kf3 Nd3 31. Kxe2 Nxc1+ 32. Ke3 Nb3 33. Nd2 Nxd4 34. Ne4 Nc2+ 35. Kd2 Nxe1 0-1

[Event "Early-Titled-Tuesday-Blitz-November-28-2023"]
[Site "Chess.com"]
[Date "2023.11.28"]
[Round "10"]
[White "Laico"]
[Black "viktorgen2021"]
[Result "1-0"]
[WhiteElo "2350"]
[BlackElo "2454"]
[TimeControl "180+1"]
[EndTime "10:00:38 PST"]
[Termination "Laico won by resignation"]

1. e4 g6 2. h4 h5 3. Nf3 Bg7 4. Ng5 d6 5. d4 Nf6 6. Bc4 e6 7. Qf3 O-O 8. Nc3 Nc6 9. Be3 a6 10. O-O-O b5 11. e5 bxc4 12. exf6 Bxf6 13. Qxc6 Rb8 14.
Qxc4 Bd7 15. f3 a5 16. g4 Rb4 17. Qd3 e5 18. Nd5 Rb8 19. Nxf6+ Qxf6 20. dxe5 Qxe5 21. Bd4 Qd5 22. gxh5 Qxa2 23. hxg6 f6 24. g7 1-0

[Event "Early-Titled-Tuesday-Blitz-November-28-2023"]
[Site "Chess.com"]
[Date "2023.11.28"]
[Round "10"]
[White "salomez"]
[Black "Iskusnyh"]
[Result "0-1"]
[WhiteElo "2400"]
[BlackElo "2550"]
[TimeControl "180+1"]
[EndTime "10:00:39 PST"]
[Termination "Iskusnyh won on time"]

1. e4 e6 2. d4 d5 3. Bd3 c5 4.
Nf3 cxd4 5. O-O Nc6 6. Re1 Nf6 7. Nbd2 Be7 8. e5 Nd7 9. Nb3 Qb6 10. Bf4 O-O 11. Nfxd4 Nxd4 12. Nxd4 Nc5 13. b3 f5 14.
c4 Ne4 15. cxd5 Qxd4 16. Bxe4 Qxd1 17. Raxd1 fxe4 18. d6 Bd8 19. g3 g5 20. Bc1 Bd7 21. Rxe4 Rc8 22. Bb2 Rc2 0-1

[Event "Early-Titled-Tuesday-Blitz-November-28-2023"]
[Site "Chess.com"]
[Date "2023.11.28"]
[Round "10"]
[White "Arvids_Andrejevs"]
[Black "MaxLeto"]
[Result "0-1"]
[WhiteElo "2372"]
[BlackElo "2542"]
[TimeControl "180+1"]
[EndTime "10:00:40 PST"]
[Termination "MaxLeto won by resignation"]

1. d4 h5 2. e4 h4 3. h3 d6 4.
Nc3 e5 5. dxe5 dxe5 6. Qxd8+ Kxd8 7. Bc4 f6 8. Be3 c6 9. O-O-O+ Kc7 10. f3 Bb4 11.
Nge2 Ne7 12. a3 Bd6 13. b4 Nd7 14. Bf2 a5 15. Na2 b5 16. Bb3 Nf8 17. c3 a4 18.
Bc2 Be6 19. Kb2 g5 20. Nac1 Rd8 21. Nd3 Bc4 22. Nec1 Ne6 23. Be3 Rd7 24. Nc5 Bxc5 25. Bxc5 Nxc5 26. bxc5 Rhd8 27. Rxd7+ Rxd7 28. Rd1 Rxd1 29.
Bxd1 Bf1 30. Ne2 Bxg2 31. Ng1 Ng6 32. Kc2 Nf4 33. Kd2 Bxh3 34. Ke1 Be6 35. Bc2 h3 0-1

[Event "Early-Titled-Tuesday-Blitz-November-28-2023"]
[Site "Chess.com"]
[Date "2023.11.28"]
[Round "10"]
[White "grandemestregringo"]
[Black "Flawless_Fighter"]
[Result "1-0"]
[WhiteElo "2626"]
[BlackElo "2785"]
[TimeControl "180+1"]
[EndTime "10:00:42 PST"]
[Termination "grandemestregringo won by resignation"]

1. f4 d5 2. Nf3 g6 3. e3 Bg7 4. c4 Nf6 5. cxd5 Nxd5 6. d4 O-O 7. e4 Nb6 8. Nc3 Bg4 9. Be3 N8d7 10. h3 Bxf3 11.
Qxf3 Rc8 12. O-O-O c5 13. d5 c4 14. e5 Nc5 15. h4 Nca4 16. Bd4 Nxc3 17. Bxc3 Na4 18. h5 Nxc3 19. Qxc3 Qd7 20. h6 Bh8 21. g3 b5 22.
Bh3 Qb7 23. Bxc8 Rxc8 24. Qb4 a5 25. Qxa5 b4 26. Rh2 Ra8 27. d6 exd6 28. Rxd6 Rf8 29. Rd8 Qe7 30. Rhd2 Bxe5 31. fxe5 1-0

[Event "Early-Titled-Tuesday-Blitz-November-28-2023"]
[Site "Chess.com"]
[Date "2023.11.28"]
[Round "10"]
[White "Bodhanas"]
[Black "Ziyamammadov"]
[Result "1-0"]
[WhiteElo "2218"]
[BlackElo "1896"]
[TimeControl "180+1"]
[EndTime "10:00:43 PST"]
[Termination "Bodhanas won by checkmate"]

1. d4 Nf6 2. Nf3 d6 3. Bf4 g6 4. e3 Bg7 5. Bd3 O-O 6. O-O Nbd7 7. e4 c5 8. c3 Qb6 9. b3 cxd4 10. cxd4 Nh5 11. Be3 Qc7 12. Nbd2 e5 13. Rc1 Qd8 14. Nc4 exd4 15. Bxd4 Bxd4 16. Nxd4 Qg5 17. Nf3 Qf4 18. Qd2 Qxd2 19. Ncxd2 Ne5 20. Nxe5 dxe5 21.
Rfd1 Nf4 22. Nf1 Be6 23. g3 Nh3+ 24. Kg2 Ng5 25. f3 f5 26. exf5 gxf5 27. Bc4 Rad8 28. Bxe6+ Nxe6 29. Ne3 f4 30. Ng4 Rf5 31. Rxd8+ Nxd8 32. Rc8 Rf8 33. Nxe5 fxg3 34. hxg3 Re8 35. f4 Kg7 36. Rc7+ Kf6 37. Rxh7 Ne6 38. Rf7# 1-0

[Event "Early-Titled-Tuesday-Blitz-November-28-2023"]
[Site "Chess.com"]
[Date "2023.11.28"]
[Round "10"]
[White "ozen_metehan"]
[Black "Lady_Nika"]
[Result "0-1"]
[WhiteElo "2443"]
[BlackElo "2577"]
[TimeControl "180+1"]
[EndTime "10:00:58 PST"]
[Termination "Lady_Nika won by resignation"]

1. e4 e6 2. d4 d5 3. e5 c5 4. c3 Nc6 5. Nf3 Qb6 6. Bd3 Bd7 7. O-O Rc8 8. Re1 a6 9. Nbd2 cxd4 10. Nb3 dxc3 11.
bxc3 Na5 12. Be3 Qc7 13. Nxa5 Qxa5 14. Rb1 b5 15. Bd4 Ne7 16. Ng5 h6 17. Qh5 g6 18.
Qh3 Bg7 19. Nf3 O-O 20. Nd2 Nf5 21. Bxf5 exf5 22. Nb3 Qxa2 23. Nc5 Be6 24. Ra1 Qd2 25. Red1 Qe2 26. Re1 Qc4 27. Rxa6 Rxc5 28. Bxc5 Qxc5 29. Rea1 Bxe5 30. Qxh6 Qxc3 31. h4 Bg7 32. Qf4 Qxa1+ 33. Rxa1 Bxa1 34. h5 gxh5 35. Qg3+ Bg7 36. Qb3 Rb8 37. f4 d4 38. Qb4 Bc4 39. Kf2 d3 40.
Ke1 Re8+ 41. Kd1 Re2 42. Qc5 Bb3+ 43. Kc1 d2+ 0-1

[Event "Early-Titled-Tuesday-Blitz-November-28-2023"]
[Site "Chess.com"]
[Date "2023.11.28"]
[Round "10"]
[White "Actuary44"]
[Black "Sconko"]
[Result "0-1"]
[WhiteElo "2431"]
[BlackElo "2332"]
[TimeControl "180+1"]
[EndTime "10:00:59 PST"]
[Termination "Sconko won by checkmate"]

1. e4 c5 2. d4 cxd4 3. c3 Nf6 4.
Bd3 dxc3 5. Nxc3 Nc6 6. f4 d6 7. Nf3 g6 8. O-O Bg7 9. Kh1 O-O 10. Qe1 Bg4 11. Be3 Qa5 12. Rd1 Rac8 13. Bb1 Qh5 14.
Ne2 Qb5 15. Qh4 Qxe2 16. Rde1 Qxb2 17. Ng5 h6 18. h3 hxg5 19. fxg5 Be6 20. Rf2 Qb4 21.
Bd2 Qd4 22. Be3 Qa4 23. gxf6 Bxf6 24. Rxf6 exf6 25. Qxf6 Qa5 26. Bh6 Qe5 27. Qh4 Rfe8 28. Bg5 Qg7 29. Rd1 Ne5 30. Rxd6 Qh7 31. Qg3 Rc5 32. Kh2 Rb8 33. Bf6 Ng4+ 34. Kg1 Rc1+ 35. Qe1 Rxe1# 0-1

[Event "Early-Titled-Tuesday-Blitz-November-28-2023"]
[Site "Chess.com"]
[Date "2023.11.28"]
[Round "10"]
[White "ideika"]
[Black "KorolDimitriy75"]
[Result "0-1"]
[WhiteElo "2170"]
[BlackElo "2319"]
[TimeControl "180+1"]
[EndTime "10:01:03 PST"]
[Termination "KorolDimitriy75 won by resignation"]

1. e4 c5 2. Nf3 d6 3. d4 cxd4 4. Nxd4 Nf6 5. Nc3 g6 6. Be3 Bg7 7. f3 O-O 8. Qd2 Nc6 9. g4 Be6 10.
h4 d5 11. Nxe6 fxe6 12. exd5 Nxd5 13. Nxd5 Qxd5 14. Qxd5 exd5 15. O-O-O Rxf3 16. Bc5 e6 17. Be2 Rf7 18. h5 Rc8 19. hxg6 hxg6 20. Ba3 Rf2 21.
Rhe1 Nd4 22. Rxd4 Bxd4 23. Bd3 Kf7 24. c3 Bg7 25. Bb5 Bxc3 26. Bd7 Bxe1+ 27. Bxc8 Bd2+ 0-1

[Event "Early-Titled-Tuesday-Blitz-November-28-2023"]
[Site "Chess.com"]
[Date "2023.11.28"]
[Round "10"]
[White "Roman_Ovetchkin"]
[Black "mortngabriel"]
[Result "1-0"]
[WhiteElo "2654"]
[BlackElo "2502"]
[TimeControl "180+1"]
[EndTime "10:01:08 PST"]
[Termination "Roman_Ovetchkin won on time"]

1. d4 d5 2. c4 e6 3. Nf3 Nf6 4.
g3 dxc4 5. Bg2 Nc6 6. O-O Rb8 7.
Nc3 b5 8. Ne5 Nxe5 9. dxe5 Nd7 10. Qd4 a6 11. a4 Bb7 12. Bxb7 Rxb7 13. axb5 axb5 14. Rd1 Be7 15. Qg4 g6 16. Bh6 Bf8 17. Bxf8 Kxf8 18. Qe4 Rb8 19. Qc6 Ke7 20. Nxb5 Rb6 21.
Qxc4 Qb8 22. Nd4 c5 23. Nf3 Rc8 24. Qh4+ Ke8 25. Qxh7 Rxb2 26. Rxd7 Kxd7 27. Qxf7+ Kc6 28. Qxe6+ Kc7 29. Qxg6 Qb6 30. Qf7+ Kb8 31. e6 Rxe2 32. Ng5 1-0

[Event "Early-Titled-Tuesday-Blitz-November-28-2023"]
[Site "Chess.com"]
[Date "2023.11.28"]
[Round "10"]
[White "Roedor"]
[Black "Ariadna_Atreides"]
[Result "1-0"]
[WhiteElo "2402"]
[BlackElo "2186"]
[TimeControl "180+1"]
[EndTime "10:01:11 PST"]
[Termination "Roedor won on time"]

1. d4 Nf6 2. c4 e6 3. g3 Bb4+ 4. Bd2 Bxd2+ 5. Nxd2 d5 6. Bg2 O-O 7. cxd5 exd5 8. Nh3 Nc6 9. e3 Re8 10. O-O Ne4 11.
Nf4 Bf5 12. Rc1 Nxd2 13. Qxd2 Be4 14. Rc5 Bxg2 15. Kxg2 Ne7 16. Rfc1 c6 17. b4 a6 18. a4 Ng6 19. Nxg6 hxg6 20. b5 axb5 21. axb5 cxb5 22. Rxb5 Qd7 23. Rcc5 Red8 24. Qb2 Ra7 25. Ra5 Rxa5 26. Rxa5 Rb8 27. Rb5 g5 28. Qb3 Rd8 29.
Rxb7 Qf5 30. Qb1 1-0

[Event "Early-Titled-Tuesday-Blitz-November-28-2023"]
[Site "Chess.com"]
[Date "2023.11.28"]
[Round "10"]
[White "luckyswitchback"]
[Black "platy3"]
[Result "1-0"]
[WhiteElo "2815"]
[BlackElo "2865"]
[TimeControl "180+1"]
[EndTime "10:01:14 PST"]
[Termination "luckyswitchback won by resignation"]

1. e4 c6 2. Nf3 d5 3. d3 Nf6 4. e5 Ng8 5. d4 Bg4 6. Nbd2 e6 7. h3 Bh5 8. Be2 Ne7 9. O-O Nd7 10. Nb3 Bxf3 11. Bxf3 Nf5 12. Bg4 g6 13.
a4 h5 14. Be2 Bh6 15. a5 Bxc1 16. Qxc1 Qh4 17. Rd1 Kf8 18. c4 Kg7 19. a6 bxa6 20.
cxd5 cxd5 21. Qc7 Qd8 22. Qxd8 Rhxd8 23. g4 hxg4 24. hxg4 Nh4 25. Rxa6 Rab8 26. Rd3 Nb6 27. Rxa7 Nc4 28. Nc5 Kg8 29. b3 Nb6 30. Rh3 g5 31. f4 Ra8 32. Rb7 Rdb8 33. Rxb8+ Rxb8 34. fxg5 Ng6 35. Kf2 Ra8 36. Ke3 Ra2 37. Rh1 Kf8 38. Bd3 Ne7 39. Rf1 Kg7 40. Rh1 Rg2 41. Kf3 Rd2 42. Ke3 Rg2 43. Rh7+ Kg8 44. g6 Rg3+ 45. Kf2 Rxd3 46. gxf7+ 1-0